 Dungeon Crawl Stone Soup version 0.30-a0-718-geaa24f58ff (webtiles) character file.

Game seed: 4837652971376388213

2708 Leeroy the Carver (level 9, -8/48 HPs)
             Began as a Tengu Warper on Jan 25, 2023.
             Was a Priest of Uskayaw.
             Mangled by a hornet (13 damage)
             ... while paralysed by a hornet
             ... on level 8 of the Dungeon.
             The game lasted 00:08:16 (6555 turns).

Leeroy the Carver (Tengu Warper)                    Turns: 6555, Time: 00:08:16

Health: -8/48      AC:  5    Str: 11    XL:     9   Next: 66%
Magic:  13/13      EV:  2    Int: 15    God:    Uskayaw [***...]
Gold:   394        SH:  0    Dex: 20    Spells: 3/12 levels left

rFire   . . .      SeeInvis .    G - +1 falchion (freeze)
rCold   . . .      Faith    .    (no shield)
rNeg    . . .      Spirit   .    b - +0 leather armour
rPois   .          Reflect  .    (helmet restricted)
rElec   .          Harm     .    (no cloak)
rCorr   .          Rampage  .    c - +1 pair of gloves {Dex+3}
Will    +....                    (boots unavailable)
Stlth   +                        (no amulet)
HPRegen 0.28/turn                h - ring of willpower
MPRegen 0.13/turn                (no ring)

@: paralysed, lethally poisoned (-8 -> -11), flying quickly and evasively,
slowed, quick
A: beak, talons 3, nimble flight
a: Renounce Religion, Stomp, Line Pass


You were on level 8 of the Dungeon.
You worshipped Uskayaw.
Uskayaw was noncommittal.
You visited 2 branches of the dungeon, and saw 9 of its levels.

You collected 394 gold pieces.

Inventory:

Hand Weapons
 a - a +0 falchion
 s - a +0 short sword of draining
 D - a +2 whip of electrocution
 F - a +0 club
 G - a +1 falchion of freezing (weapon)
 H - a +1 falchion of holy wrath
Missiles
 d - 4 boomerangs of dispersal (quivered)
 e - 16 poisoned darts
 l - 3 boomerangs
Armour
 b - a +0 leather armour (worn)
 c - a +1 pair of gloves of dexterity (worn)
 u - a +2 pair of gloves
 B - a +0 hat
Magical Staves
 y - a staff of conjuration
Jewellery
 h - a ring of willpower (left hand)
Wands
 p - a wand of polymorph (6)
 v - a wand of digging (11)
 E - a wand of quicksilver (4)
Scrolls
 f - 6 scrolls of teleportation
 i - 3 scrolls of enchant armour {unknown}
 m - 5 scrolls of identify {unknown}
 n - a scroll of torment {unknown}
 q - 3 scrolls of vulnerability {unknown}
 r - 3 scrolls of noise {unknown}
 x - 2 scrolls of amnesia {unknown}
 J - a scroll of enchant weapon {unknown}
Potions
 g - 8 potions of curing {unknown}
 j - a potion of ambrosia {unknown}
 k - a potion of resistance
 o - 3 potions of degeneration {unknown}
 t - 3 potions of heal wounds
 w - 2 potions of mutation {unknown}
 z - a potion of might {unknown}
 A - a potion of cancellation {unknown}
 C - a potion of flight {unknown}
 I - a potion of attraction {unknown}


   Skills:
 - Level 2.0 Fighting
 + Level 14.0 Long Blades
 - Level 1.0 Throwing
 - Level 1.1 Armour
 - Level 2.1 Dodging
 - Level 2.0 Spellcasting
 - Level 2.4 Translocations


You had 3 spell levels left.
You knew the following spells:

 Your Spells              Type           Power      Damage    Failure   Level
a - Blink                 Tloc           16%        N/A       17%         2
b - Vhi's Electric Charg  Tloc/Air       10%        N/A       47%         3
c - Manifold Assault      Tloc           8%         N/A       73%         4

Your spell library contained the following spells:

 Spells                   Type           Power      Damage    Failure   Level
 Lesser Beckoning         Tloc           16%        N/A       17%         2
 Teleport Other           Tloc           8%         N/A       32%         3
 Frozen Ramparts          Ice            2%         1d1       65%         3
 Tukima's Dance           Hex            1%         N/A       65%         3
 Passage of Golubria      Tloc           8%         N/A       73%         4
 Ice Form                 Ice/Tmut       1%         N/A       96%         4
 Summon Ice Beast         Ice/Summ       1%         N/A       96%         4
 Fireball                 Conj/Fire      0%         3d3       100%        5
 Iskenderun's Battlesphe  Conj           1%         2d6       100%        5
 Yara's Violent Unravell  Hex/Tmut       0%         3d3       100%        5
 Conjure Ball Lightning   Conj/Air       0%         3x3d6     100%        6
 Orb of Destruction       Conj           0%         9d5       100%        7


Dungeon Overview and Level Annotations

Branches:
Dungeon (8/15)             Temple (1/1) D:4
   Lair: D:8-11

Altars:
Dithmenos
Elyvilon
Fedhas
Gozag
Kikubaaqudgha
Makhleb
Nemelex Xobeh
Okawaru
Qazlal
Sif Muna
Trog
Uskayaw
Vehumet
Wu Jian
Xom
Yredelemnul
The Shining One

Shops:
D:7 =

Annotations:
D:5 2 transporters, XanderDroid's ghost, novice TrFi
D:6 1 runed translucent door, Crazy Yiuf


Innate Abilities, Weirdness & Mutations

You have a beak for a mouth.
You have claws for feet.
Your magical nature lets you fly swiftly and evasively.


Message History

You can now pass through a line of other dancers.
You hit the hornet. You freeze the hornet.
You claw the hornet, but do no damage. You peck the hornet, but do no damage.
The hornet is lightly wounded.
The hornet misses you.
You hit the hornet. You freeze the hornet.
You peck the hornet, but do no damage.
The hornet is lightly wounded.
The hornet closely misses you.
You hit the hornet but do no damage. Your peck misses the hornet.
The hornet is lightly wounded.
The hornet stings you!
You feel yourself slow down.
You barely miss the hornet.
The hornet is lightly wounded.
You feel yourself speed up. The hornet misses you.
You hit the hornet but do no damage. Your kick misses the hornet.
The hornet is lightly wounded.
The hornet stings you.
You are poisoned.
You feel yourself slow down.
You slash the hornet! You freeze the hornet. Your kick misses the hornet.
You peck the hornet.
The hornet is severely wounded.
You feel yourself speed up.
You feel sick. The hornet stings you.
You suddenly lose the ability to move!
Uskayaw will force your foes to helplessly watch your dance.
Uskayaw prepares the audience for your solo!
You feel sick.
The hornet is no longer paralysed.
The hornet stings you.
You feel yourself slow down. The hornet stings you!
You feel as though you will be slow longer.
You feel sick.
A howler monkey comes into view.
The hornet stings you!
* * * LOW HITPOINT WARNING * * *
You feel as though you will be slow longer.
You feel sick.
The howler monkey howls!
You hear a loud, deep croak!
The hornet stings you!
You die...

##.#........##
##..#......#.#
##..###........
#..## #.....#..
#.## #.....###.
####.#####.....
#[..........
##...######..
#..@##
..<...y..#
######.....
.h##### ...
.... .....
......


You could see a hornet and a howler monkey.

Vanquished Creatures
  Joseph (D:7)
  A water moccasin (D:7)
  A black bear (D:6)
  3 sky beasts
  3 ogres
  An ice beast (D:4)
  2 centaurs (D:6)
  A bullfrog (D:7)
  A kobold brigand (D:7)
  A scorpion (D:5)
  4 wights (D:6)
  3 howler monkeys
  5 hounds
  2 jellies
  3 orc priests
  Jessica (D:2)
  5 iguanas
  Terence (D:2)
  Natasha (thrice) (D:2)
  5 orc wizards
  3 gnolls (D:6)
  3 adders
  A shadow imp (D:6)
  2 white imps
  An ufetubus (D:4)
  A dart slug (D:2)
  42 orcs
  5 endoplasms
  4 giant cockroaches
  3 goblins
  6 hobgoblins
  12 kobolds
  2 quokkas (D:3)
  4 ball pythons
  5 bats
  3 frilled lizards
  3 rats (D:2)
147 creatures vanquished.

Notes
Turn   | Place    | Note
-------+----------+-------------------------------------------
     0 | D:1      | Leeroy the Tengu Warper began the quest for the Orb.
     0 | D:1      | Reached XP level 1. HP: 12/12 MP: 4/4
   259 | D:1      | You fall into a shaft and drop 1 floor!
   273 | D:2      | Reached XP level 2. HP: 16/17 MP: 6/6
   311 | D:2      | Reached skill level 3 in Long Blades
   353 | D:2      | Noticed Natasha
   363 | D:2      | Killed Natasha
   364 | D:2      | Reached skill level 4 in Long Blades
   364 | D:2      | Reached XP level 3. HP: 5/21 MP: 7/7
   530 | D:2      | Noticed Jessica
   535 | D:2      | Killed Jessica
   536 | D:2      | Reached XP level 4. HP: 23/26 MP: 8/8
   565 | D:2      | Noticed Natasha
   571 | D:2      | Killed Natasha
   572 | D:2      | Reached skill level 5 in Long Blades
   825 | D:2      | Noticed Natasha
   830 | D:2      | Killed Natasha
   831 | D:2      | Gained mutation: Your magical nature lets you fly swiftly
                  | and evasively. [Tengu growth]
   831 | D:2      | Reached XP level 5. HP: 30/30 MP: 9/9
   910 | D:2      | Noticed Terence
   921 | D:2      | Killed Terence
  1188 | D:3      | Reached skill level 6 in Long Blades
  1316 | D:2      | Learned a level 2 spell: Blink
  1320 | D:2      | Learned a level 3 spell: Vhi's Electric Charge
  1326 | D:3      | Reached XP level 6. HP: 35/35 MP: 10/10
  1434 | D:3      | Found a shimmering blue altar of Sif Muna.
  1652 | D:3      | Reached skill level 7 in Long Blades
  2481 | D:4      | Found a staircase to the Ecumenical Temple.
  2498 | Temple   | Entered the Ecumenical Temple
  2604 | Temple   | Became a worshipper of Uskayaw the Reveller
  2715 | D:5      | Entered Level 5 of the Dungeon
  2795 | D:5      | Found a transporter.
  2844 | D:5      | Reached * piety under Uskayaw
  2887 | D:5      | Reached skill level 8 in Long Blades
  2887 | D:5      | Reached XP level 7. HP: 21/40 MP: 11/11
  3110 | D:5      | Reached ** piety under Uskayaw
  3389 | D:4      | Learned a level 4 spell: Manifold Assault
  3436 | D:5      | Reached skill level 9 in Long Blades
  3439 | D:5      | Reached *** piety under Uskayaw
  3441 | D:5      | Reached **** piety under Uskayaw
  3447 | D:5      | Reached ***** piety under Uskayaw
  3595 | D:5      | Found a transporter.
  3596 | D:5      | Noticed an ancient zyme
  3642 | D:5      | Reached XP level 8. HP: 38/44 MP: 12/12
  3648 | D:5      | Reached skill level 10 in Long Blades
  3719 | D:5      | Found a sparkling altar of Nemelex Xobeh.
  3815 | D:5      | Noticed XanderDroid's ghost (novice TrFi)
  4341 | D:6      | Reached skill level 11 in Long Blades
  4405 | D:7      | Noticed Joseph
  4574 | D:6      | Found a glowing golden altar of the Shining One.
  4668 | D:6      | Reached skill level 12 in Long Blades
  4727 | D:6      | Reached XP level 9. HP: 17/48 MP: 13/13
  5265 | D:6      | Found a runed translucent door.
  5266 | D:6      | Noticed Crazy Yiuf
  5594 | D:7      | Reached skill level 13 in Long Blades
  5859 | D:7      | Killed Joseph
  6091 | D:7      | Found Tyxza's Jewellery Boutique.
  6444 | D:8      | Reached skill level 14 in Long Blades
  6543 | D:8      | Noticed a hornet
  6552 | D:8      | Paralysed by a hornet for 3 turns
  6555 | D:8      | Mangled by a hornet

Illustrated notes

Levels and vault maps discovered:
D:1:      zelgadis_glass_arrival_small, layout_loops_ring,
          ebering_ecumenical_altar_mist, minivault_5
D:2:      layout_basic, uniq_terence, uniq_jessica, uniq_natasha
D:3:      layout_basic, mainiacjoe_overflow_tiny_flanked
D:4:      layout_basic, minmay_temple_entry_statues_fountains
D:5:      minmay_general_purpose_star, layout_basic,
          mainiacjoe_overflow_24_doors, gammafunk_ghost_abyssal_escape
D:6:      layout_cave_pools, mainiacjoe_overflow_paths, uniq_crazy_yiuf_cottage
D:7:      layout_loops_ring, serial_shops, shop, uniq_joseph
D:8:      layout_rooms, uniq_maggie
Temple:   nicolae_temple_two_arcs

Skill      XL: |  1  2  3  4  5  6  7  8  9 |
---------------+----------------------------+-----
Long Blades    | 4 5 6 8 9 12 14 | 14.0
Fighting       | |  2.0
Throwing       | |  1.0
Armour         | |  1.1
Dodging        | |  2.1
Spellcasting   | |  2.0
Translocations | |  2.4

Action                     |  1- 3 |  4- 6 |  7- 9 || total
---------------------------+-------+-------+-------++-------
  Melee: Falchion          |    60 |   134 |   287 ||   481
         Kick              |    16 |    32 |    89 ||   137
         Peck              |     9 |    21 |    47 ||    77
         Punch             |     2 |       |     2 ||     4
  Throw: Dart              |       |     4 |     6 ||    10
         Boomerang         |       |       |     9 ||     9
    Use: Potion            |       |     1 |     2 ||     3
         Scroll            |       |       |     2 ||     2
   Stab: Sleeping          |     1 |     3 |       ||     4
         Paralysed         |       |       |    14 ||    14
 Armour: Leather armour    |    26 |    22 |    46 ||    94
  Dodge: Dodged            |    50 |   109 |   190 ||   349

Table legend: (Time is in decaauts)
 A = Elapsed time spent in this place.
 B = Non-inter-level travel time spent in this place.
 C = Inter-level travel time spent in this place.
 D = Time resting spent in this place.
 E = Time spent auto-exploring this place.
 F = Levels seen in this place.
 G = Mean time per level.
                   A        B        C        D        E       F      G
               +--------+--------+--------+--------+--------+-----+--------+
         Total |   6129 |   5943 |    186 |    398 |   4345 |   9 |  681.0 |
       Dungeon |   6021 |   5860 |    161 |    398 |   4274 |   8 |  752.6 |
        Temple |    108 |     83 |     25 |      0 |     70 |   1 |  108.0 |
               +--------+--------+--------+--------+--------+-----+--------+

Top non-repeatable levels by time:
     D:5: 1225 daAuts
     D:6: 1178 daAuts
     D:2: 884 daAuts
     D:3: 830 daAuts
     D:7: 812 daAuts
     D:4: 715 daAuts
     D:1: 261 daAuts
     D:8: 112 daAuts
  Temple: 108 daAuts
